 Dungeon Crawl Stone Soup version 0.16.1-7-g2c6721e (console) character file.

224 gw the Cudgeler (level 5, -7/49 HPs)
             Began as a Deep Dwarf Gladiator on Mar 29, 2015.
             Was an Initiate of Ru.
             Mangled by an ogre
             ... wielding a +0 giant spiked club
              (14 damage)
             ... on level 4 of the Dungeon.
             The game lasted 00:05:30 (2353 turns).

gw the Cudgeler (Deep Dwarf Gladiator)              Turns: 2353, Time: 00:05:31

Health: -7/49      AC: 10    Str: 18    XL:     5   Next: 67%
Magic:  5/5        EV:  8    Int:  9    God:    Ru [......]
Gold:   118        SH:  0    Dex: 14    Spells: 0 memorised, 4 levels left

rFire  + . .     SeeInvis .     a - +0 flail
rCold  . . .     Clarity  .     i - +0 chain mail
rNeg   . . .     SustAb   .     (no shield)
rPois  .         Gourm    .     c - +0 helmet
rElec  .         Spirit   .     (no cloak)
rCorr  .         Warding  .     (no gloves)
rMut   .         Stasis   .     (no boots)
MR     .....                    k - amulet of faith
Stlth  ..........               (no ring)
                                o - ring of protection from fire

@: non-regenerating, not resistant to hostile enchantments, extremely unstealthy
A: damage resistance, recharge devices, sense surroundings 1, slow healing 3
a: Device Recharging, Sacrifice Artifice, Sacrifice Love, Sacrifice a Hand,
Reject Sacrifices, Renounce Religion


You were on level 4 of the Dungeon.
You worshipped Ru.
Ru was noncommittal.
You were not hungry.

You visited 1 branch of the dungeon, and saw 4 of its levels.

You collected 118 gold pieces.

Inventory:

Hand weapons
 a - a +0 flail (weapon)
Missiles
 d - 3 throwing nets
 p - 7 bolts
Armour
 c - a +0 helmet (worn)
 i - a +0 chain mail (worn)
Jewellery
 k - an amulet of faith (around neck)
 o - a ring of protection from fire (left hand)
Magical devices
 e - a wand of heal wounds (2)
 q - a wand of draining (3)
Scrolls
 b - 4 scrolls of identify
 l - a scroll of enchant weapon {unknown}
 n - a scroll of amnesia
Potions
 h - a potion of curing
 j - a potion of might {unknown}
Comestibles
 f - 4 bread rations
 g - 2 beef jerkies


   Skills:
 + Level 3.0 Fighting
 * Level 4.8 Maces & Flails
 - Level 1.7 Throwing
 + Level 2.5 Armour
 - Level 3.2 Dodging
 - Level 2.2 Evocations


You had 4 spell levels left.
You didn't know any spells.

Dungeon Overview and Level Annotations

Branches:
Dungeon (4/15)
 Temple: D:4-7

Altars:
Dithmenos
Fedhas
Kikubaaqudgha
Qazlal
Ru
Trog


Innate Abilities, Weirdness & Mutations

You are resistant to damage.
You can recharge devices by infusing magical energy.
You passively map a small area around you.
You do not heal naturally.


Message History

The jackal skeleton bites you but does no damage.
MOVING TO (2,-5) MOVING TO (3,-4)
You barely miss the ogre.
The ogre is moderately wounded.
The jackal skeleton bites you but does no damage.
The ogre hits you with a giant spiked club!
The jackal skeleton bites you but does no damage.
MOVING TO (2,-4) MOVING TO (3,-3)
You hit the ogre!
The ogre is heavily wounded.
The ogre barely misses you.
The jackal skeleton bites you but does no damage.
MOVING TO (2,-3)
You closely miss the ogre.
The ogre is heavily wounded.
The jackal skeleton barely misses you.
The ogre hits you with a giant spiked club!
You die...

.##.....##.###.####....## ,
.####.####..............+
........................# ,
.................[......# ,
...............##......##. ,
...............##......##....
...##...####...##(.....:#.....
##+##+#######+###.......+.....#
.........#......gO.....##.....#
.........#.....##Z.....# .....# *
.........#.....##......##.....##
.........#......#..............#.
.....>...#......+................
...##....'......#...%............
...##....#......#..........##...
...##...##.....##..........# #.,
...##...##.....##....####..#


You could see an ogre and a jackal skeleton.

Table legend:
 A = Turns spent in this place as a percentage of turns spent in the entire game.
 B = Non-inter-level travel turns spent in this place as a percentage of non-inter-level travel turns spent in the entire game.
 C = Inter-level travel turns spent in this place as a percentage of turns spent in this place.
 D = Turns resting spent in this place as a percentage of non-inter-level travel turns spent in this place.
 E = Turns spent auto-exploring this place as a percentage of non-inter-level travel turns spent in this place.
 F = Non-inter-level travel turns spent in this place divided by the number of levels of this place that you've seen.
                   A       B       C       D       E      F
               +-------+-------+-------+-------+-------+----------------------
         Total | 100.0 | 100.0 |   0.2 |   0.1 |   2.8 | 1322.5
       Dungeon | 100.0 | 100.0 |   0.2 |   0.1 |   2.8 | 1322.5
               +-------+-------+-------+-------+-------+----------------------

Table legend:
 A = Kills in this place as a percentage of kills in entire the game.
 B = Kills by you in this place as a percentage of kills by you in the entire game.
 C = Kills by friends in this place as a percentage of kills by friends in the entire game.
 D = Other kills in this place as a percentage of other kills in the entire game.
 E = Experience gained in this place as a percentage of experience gained in the entire game.
 F = Experience gained in this place divided by the number of levels of this place that you have seen.
                   A       B       C       D       E      F
               +-------+-------+-------+-------+-------+----------------------
         Total | 100.0 | 100.0 |  -nan |  -nan | 100.0 |  80.2
       Dungeon | 100.0 | 100.0 |  -nan |  -nan | 100.0 |  80.2
               +-------+-------+-------+-------+-------+----------------------

Vanquished Creatures
  The ghost of Draco the Magician, an average DEWz (D:3)
  An orc wizard (D:4)
  An orc priest (D:4)
  2 adders
  A gnoll (D:1)
  2 worms
  A giant gecko (D:2)
  3 orcs
  4 bats
  5 giant cockroaches
  6 goblins
  10 hobgoblins
  A ball python (D:2)
  4 giant newts
  9 kobolds
  11 rats
62 creatures vanquished.

Notes
Turn   | Place    | Note
--------------------------------------------------------------
     0 | D:1      | gw, the Deep Dwarf Gladiator, began the quest for the Orb.
     0 | D:1      | Reached XP level 1. HP: 19/19 MP: 1/1
    72 | D:1      | Reached skill level 1 in Evocations
   170 | D:1      | Reached XP level 2. HP: 20/26 MP: 2/2
   353 | D:1      | Reached XP level 3. HP: 19/32 MP: 3/3
   980 | D:2      | Found a bloodstained altar of Trog.
   980 | D:2      | Found a sacrificial altar of Ru.
   980 | D:2      | Found an ancient bone altar of Kikubaaqudgha.
   987 | D:2      | Became a worshipper of Ru the Awakened
  1220 | D:2      | Reached skill level 1 in Armour
  1357 | D:3      | Reached XP level 4. HP: 32/40 MP: 3/5
  1417 | D:3      | Noticed Draco's ghost (average DEWz)
  1438 | D:3      | Killed Draco's ghost
  1438 | D:3      | Reached skill level 4 in Maces & Flails
  1438 | D:3      | Reached XP level 5. HP: 25/48 MP: 6/6
  1935 | D:3      | Found a blossoming altar of Fedhas.
  2088 | D:4      | Found a shadowy altar of Dithmenos.
  2154 | D:4      | Found a stormy altar of Qazlal.
  2274 | D:4      | Noticed an ogre
  2353 | D:4      | Mangled by an ogre

Action                   |  1- 3 |  4- 6 || total
-------------------------+-------+-------++-------
Melee: Flail             |   131 |   105 ||   236
 Abil: Device Recharging |       |     1 ||     1
Evoke: Wand              |       |     6 ||     6
  Use: Potion            |     6 |     4 ||    10
       Scroll            |     6 |     2 ||     8
  Eat: Chunk             |     2 |     3 ||     5

Vault maps used:
D:1:      ncdulo_halloftheorcs, minmay_misc_feat_enclosed
D:2:      gammafunk_temple_overflow_forgotten, minmay_misc_feat_chi
D:3:      lemuel_round_altar, first_bread
D:4:      old_standard_altar, grunt_ministairs_9, hangedman_decor_growths,
          grunt_dithmenos_smoke, uniq_iyjb
